Match 45439049
Unlisted

Match 45439049
End
Kradschützen Motorcycle Team
Panzergrenadier Squad
Panzergrenadier Squad
Construct Light Support Kompanie
2.5-tonne Medical Truck
Fire Support Elements
Flakvierling Half-track
Vehicle Survival Package
Pak 38 Mechanized Group
Combat Half-tracks
Selects Battlefield Espionage Battlegroup
Selects Intel Disruption Beacon
Construct Panzerarmee Kommand
Pak 38 Anti-tank Gun Team
Selects Plunder
Panzer III L Medium Tank
Selects Firestorm
Firestorm
Panzer III L Medium Tank
Emergency Repair Kits
Tungsten Core Ammunition
Firestorm
Panzer III L Medium Tank
Flak 36 Anti-tank Gun Team
Selects 250/3 Funkpanzerwagen
Selects Anti-Tank Incendiary Munitions
Selects Operation Skorpion
Panzer III L Medium Tank
Armored Reserves
StuG Assault Group
Rapid Advance
Advanced Optics
Tiger Heavy Tank
Advanced Field Repairs
Firestorm
Panzer IV Assault Group
Firestorm
Firestorm
Panzergrenadier Squad
Firestorm
Unbekannt
ZuDenWaffen
JESTER 689
PanzerFoster
DeadeyeX1616
mace87
ManEater_Mildred
gihof NAFO
0
0

Comments sign in to comment!

No comments posted yet!